AoeStats
← KingKross

Lombardia

508698754Analyzed
3v3 RM · 7d ago on Sep 23, 2026· 59m 14s· 6 players
Game mode
Random Map
Map size
Normal (6 player)
Population
200
Speed
Normal
Resources
Standard
Victory
Conquest
Starting age
Dark Age
Ending age
Imperial Age
RankedLock teamsTeams togetherTeam positionsShared explorationLock speedFull tech treeHidden civsTurbo modeCheats
Victory
Defeat
🇩🇪 Varangians · Germany
1280
+10
🇩🇪 Italians · Germany
1131
+16
🇩🇪 Romans · Germany
1124
+17
🇪🇸 Danes · Spain
1160
-15
🇹🇷 Sicilians · Türkiye
1138
-14
🇨🇦 Britons · Canada
1128
-14
How do you turn this on
3:14 Loom
10:26 Feudal Age
16:33 Castle Age
14:41 Horse Collar
15:32 Double-Bit Axe
18:00 Wheelbarrow
17:13 Town Watch
23:37 Heavy Plow
23:51 Bow Saw
24:02 Gold Mining
24:50 Stone Mining
26:49 Gold Shaft Mining
30:40 Imperial Age
27:52 Pikeman
27:54 Man-at-Arms
28:20 Gambesons
28:35 Squires
28:21 Arson
29:59 Hand Cart
29:26 Long Swordsman
31:52 Conscription
30:58 Onager
31:09 Halberdier
31:13 Two-Handed Swordsman
32:18 Elite Jomsviking
32:23 Champion
33:58 Stone Shaft Mining
34:26 Chemistry
34:40 Scale Mail Armor
34:51 Forging
35:52 Chain Mail Armor
36:07 Chain Mail Armor
35:23 Siege Onager
35:29 Capped Ram
45:46 Siege Engineers
46:02 Ballistics
45:38 Murder Holes
47:22 Plate Mail Armor
47:31 Iron Casting
46:22 Siege Ram
50:16 Blast Furnace
49:24 Scale Barding Armor
49:10 Fletching
49:20 Padded Archer Armor
49:29 Northmen's Fury
50:22 Caravan
56:37 Bodkin Arrow
在里面
11:07 Feudal Age
9:53 Loom
11:40 Loom
13:06 Double-Bit Axe
13:02 Horse Collar
20:13 Castle Age
21:34 Bow Saw
21:26 Heavy Plow
21:42 Squires
21:24 Man-at-Arms
21:50 Arson
23:04 Gold Mining
23:38 Gambesons
25:46 Wheelbarrow
26:55 Pikeman
29:20 Scale Mail Armor
34:03 Gold Shaft Mining
36:44 Imperial Age
35:11 Caravan
36:48 Hand Cart
36:45 Elite Skirmisher
36:46 Crossbowman
37:48 Town Watch
37:29 Halberdier
37:29 Long Swordsman
39:31 Two-Man Saw
38:31 Stone Mining
38:12 Arbalester
39:07 Fortified Wall
39:53 Guilds
40:14 Coinage
39:33 Cranequins
40:16 Town Patrol
41:53 Treadmill Crane
42:00 Arrowslits
43:15 Chemistry
42:13 Murder Holes
43:10 Chain Mail Armor
43:06 Forging
43:29 Fletching
43:39 Padded Archer Armor
48:15 Iron Casting
48:10 Plate Mail Armor
52:40 Ballistics
51:52 Two-Handed Swordsman
52:48 Champion
55:10 Blast Furnace
54:15 Scale Barding Armor
54:05 Bodkin Arrow
54:25 Leather Archer Armor
53:36 Cavalier
54:16 Husbandry
54:28 Siege Engineers
54:33 Masonry
57:22 Conscription
57:04 Warwolf
56:25 Elite Longbowman
57:26 Yeomen
ChuckMawHinneyS
7:12 Loom
10:02 Feudal Age
10:37 Double-Bit Axe
12:08 Man-at-Arms
15:16 Horse Collar
17:42 Castle Age
16:26 Forging
16:16 Scale Mail Armor
16:19 Horse Collar
17:04 Scale Mail Armor
18:33 Bow Saw
20:13 Wheelbarrow
21:42 Town Watch
22:06 Stone Mining
31:05 Imperial Age
29:43 Hand Cart
29:58 Chain Mail Armor
30:56 Iron Casting
31:22 Squires
31:08 Arson
32:59 Blast Furnace
32:24 Conscription
32:45 First Crusade
32:38 Gold Mining
32:44 Elite Serjeant
33:38 Heavy Plow
34:02 Sappers
35:28 Plate Mail Armor
36:49 Scale Barding Armor
37:35 Husbandry
37:46 Bloodlines
36:56 Light Cavalry
39:35 Chain Barding Armor
41:33 Plate Barding Armor
41:23 Hauberk
40:58 Elite Skirmisher
42:58 Fletching
43:08 Padded Archer Armor
43:45 Bodkin Arrow
44:59 Bracer
45:14 Leather Archer Armor
46:09 Chemistry
47:31 Ballistics
50:50 Masonry
52:48 Pikeman
55:38 Halberdier
KingKross
5:51 Loom
12:01 Feudal Age
13:00 Double-Bit Axe
17:11 Castle Age
16:18 Horse Collar
19:26 Bow Saw
24:29 Imperial Age
23:15 Padded Archer Armor
24:56 Heavy Plow
26:58 Chemistry
27:46 Leather Archer Armor
32:14 Pirotechnia
34:21 Conscription
34:49 Ring Archer Armor
38:37 Crop Rotation
39:10 Two-Man Saw
45:46 Ballistics
49:47 Wheelbarrow
49:11 Town Watch
50:48 Caravan
57:46 Scale Barding Armor
57:53 Forging
59:58 Bloodlines
59:08 Light Cavalry
Sir Ottlas
7:36 Loom
11:02 Feudal Age
12:21 Double-Bit Axe
12:29 Horse Collar
14:59 Castle Age
16:02 Bow Saw
25:31 Wheelbarrow
31:23 Imperial Age
29:25 Bloodlines
29:56 Scale Barding Armor
30:03 Forging
31:31 Chain Barding Armor
31:16 Vendel Legacy
32:18 Husbandry
31:42 Cavalier
32:25 Atonement
33:11 Hand Cart
35:07 Plate Barding Armor
35:08 Iron Casting
37:07 Elite Jarl
37:14 Light Cavalry
38:02 Gold Mining
38:59 Hussar
40:05 Town Watch
41:04 Conscription
42:37 Caravan
44:46 Two-Man Saw
43:50 Heavy Plow
46:47 Crop Rotation
47:09 Fortified Wall
46:42 Gothikon
48:38 Masonry
48:34 Siege Engineers
48:50 Ballistics
49:30 Chemistry
51:01 Coinage
53:29 Banking
54:19 Architecture
53:35 Treadmill Crane
54:58 Blast Furnace
55:05 Capped Ram
56:18 Siege Ram
LordChickenwing
9:01 Loom
11:19 Feudal Age
17:25 Castle Age
15:19 Double-Bit Axe
15:18 Horse Collar
20:37 Heavy Plow
22:31 Bow Saw
24:09 Wheelbarrow
24:41 Town Watch
26:15 Hand Cart
29:24 Imperial Age
32:30 Crop Rotation
32:47 Conscription
32:56 Scale Mail Armor
33:07 Forging
32:47 Fletching
33:24 Town Patrol
32:53 Man-at-Arms
33:39 Squires
33:52 Ballistas
35:21 Chain Mail Armor
35:42 Iron Casting
35:04 Bodkin Arrow
34:30 Long Swordsman
36:29 Guilds
36:14 Legionary
40:28 Blast Furnace
41:46 Ballistics
41:37 Masonry
42:24 Bloodlines
42:15 Husbandry
41:36 Light Cavalry
42:30 Scale Barding Armor
42:51 Heavy Scorpion
44:04 Chain Barding Armor
44:49 Chemistry
47:06 Plate Barding Armor
47:23 Architecture
47:54 Siege Engineers
48:03 Fortified Wall
47:48 Murder Holes
47:58 Caravan
59:20 Comitatenses
Connection lost

Rejoining the realm…

Still unreachable

The connection could not be restored.

Session expired

The server has moved on; the page needs a fresh start.